 Dungeon Crawl Stone Soup version 0.28.0-47-ge53b351184 (webtiles) character file.

Game seed: 4457878945557013268

93 Peloso the Covered (level 4, -8/40 HPs)
             Began as a Minotaur Fighter on Apr 29, 2022.
             Mangled by Crazy Yiuf
             ... wielding a +4 quarterstaff of chaos
              (10 damage)
             ... on level 2 of the Dungeon.
             The game lasted 00:02:20 (2198 turns).

Peloso the Covered (Minotaur Fighter)               Turns: 2198, Time: 00:02:21

Health: -8/40      AC:  8    Str: 21    XL:     4   Next: 37%
Magic:  3/3        EV:  9    Int:  5    God:
Gold:   76         SH:  4    Dex: 11    Spells: 3/3 levels left

rFire   + . .      SeeInvis .   a - +0 long sword
rCold   . . .      Faith    .   c - +0 buckler
rNeg    . . .      Spirit   .   b - +0 scale mail
rPois   .          Reflect  .   (helmet restricted)
rElec   .          Harm     .   (no cloak)
rCorr   .          Rampage  .   (no gloves)
Will    .....                   e - +0 pair of boots
Stlth   ..........              (no amulet)
HPRegen 0.13/turn               p - ring of protection from fire
MPRegen 0.08/turn               (no ring)

@: no status effects
A: horns 2, retaliatory headbutt
a: no special abilities


You were on level 2 of the Dungeon.
You visited 1 branch of the dungeon, and saw 2 of its levels.

You collected 76 gold pieces.

Inventory:

Hand Weapons
 a - a +0 long sword (weapon)
Armour
 b - a +0 scale mail (worn)
 c - a +0 buckler (worn)
 e - a +0 pair of boots (worn)
Jewellery
 o - a ring of wizardry
 p - a ring of protection from fire (left hand)
Scrolls
 h - a scroll of acquirement {unknown}
 m - a scroll of amnesia {unknown}
Potions
 d - a potion of might
 f - a potion of mutation {unknown}
 g - a potion of berserk rage {unknown}
 i - a potion of haste {unknown}
 j - a potion of ambrosia {unknown}
 k - a potion of degeneration {unknown}
 l - a potion of brilliance {unknown}
 n - a potion of curing {unknown}


   Skills:
 + Level 4.1 Fighting
 + Level 3.9 Long Blades
 + Level 4.4 Armour
 + Level 4.3 Shields


You had 3 spell levels left.
You didn't know any spells.
Your spell library contained the following spells:

 Spells                   Type           Power      Damage    Failure   Level
 Conjure Flame            Conj/Fire      0%         6-21      99%         3
 Ignite Poison            Fire/Tmut/Pois 0%         N/A       99%         3
 Sticky Flame             Conj/Fire      0%         2d3       100%        4


Dungeon Overview and Level Annotations

Branches:
Dungeon (2/15)

Altars:

Annotations:
D:2 Crazy Yiuf


Innate Abilities, Weirdness & Mutations

You have a pair of horns on your head.
You reflexively headbutt those who attack you in melee.


Message History

Your transformation is almost over.
You feel less porcine.
Your +0 long sword unmelds from your body.
Your +0 pair of boots unmelds from your body.
Your +0 buckler unmelds from your body.
Your +0 scale mail unmelds from your body.
Your ring of protection from fire unmelds from your body.
There is a stone staircase leading up here.
You climb upwards.
There is a stone staircase leading down here.
You start resting.
HP restored.
You climb downwards.
Level annotation: Crazy Yiuf Crazy Yiuf says, "Aardvark!"
There is a stone staircase leading up here.
Crazy Yiuf hits you with a +4 quarterstaff of chaos!
Crazy Yiuf freezes you.
You closely miss Crazy Yiuf.
Crazy Yiuf hits you with a +4 quarterstaff of chaos!
Crazy Yiuf burns you.
Crazy Yiuf hits you with a +4 quarterstaff of chaos!
* * * LOW HITPOINT WARNING * * *
You barely miss Crazy Yiuf. Your headbutt misses Crazy Yiuf.
Crazy Yiuf hits you with a +4 quarterstaff of chaos.
* * * LOW HITPOINT WARNING * * *
Crazy Yiuf freezes you.
* * * LOW HITPOINT WARNING * * *
You barely miss Crazy Yiuf. You block Crazy Yiuf's attack.
You slash Crazy Yiuf!
Crazy Yiuf is moderately wounded.
Crazy Yiuf barely misses you. You furiously retaliate!
You headbutt Crazy Yiuf! You block Crazy Yiuf's attack.
You hit Crazy Yiuf. Your headbutt misses Crazy Yiuf.
Crazy Yiuf is almost dead.
You block Crazy Yiuf's attack.
You barely miss Crazy Yiuf.
Crazy Yiuf is almost dead.
Crazy Yiuf hits you with a +4 quarterstaff of chaos!
You die...

....#.##.#....#.........#.#......
#####.##.##.#.#.#..###..#.#####..
#⌠#⌠#.....................#####..
._.....#.#..#.#.#................
#⌠#⌠##.#.#......#.####.#.........
#####..#.###....#................
.......#........#########.#####.#
.......#####..<............# #.#
................@g########.# #.#
....##...................#.## #.#
....##............######.#..# #.#
....+.............# #.#..# #.#
....#...###....#### #.#..###.#
........# ##.#.# #.#.......
..).....# #.#.# ####.#.#.##..
.....##.# #.#.# ##...g#.#.#...
.....##.# #.#.# #.....#.#.....


You could see Crazy Yiuf.

Vanquished Creatures
  Terence (D:2)
  A gnoll (D:1)
  An adder (D:2)
  3 dart slugs
  A worm (D:2)
  6 ball pythons
  7 endoplasms
  4 goblins
  4 hobgoblins
  A quokka (D:1)
  5 bats
  2 frilled lizards (D:2)
  2 kobolds
  A rat (D:1)
39 creatures vanquished.

Vanquished Creatures (others)
  4 fungi (D:2)
4 creatures vanquished.

Grand Total: 43 creatures vanquished

Notes
Turn   | Place    | Note
-------+----------+-------------------------------------------
     0 | D:1      | Peloso the Minotaur Fighter began the quest for the Orb.
     0 | D:1      | Reached XP level 1. HP: 19/19 MP: 0/0
    23 | D:1      | Reached XP level 2. HP: 6/27 MP: 1/1
   411 | D:1      | Reached XP level 3. HP: 29/33 MP: 2/2
  1013 | D:2      | Noticed Terence
  1022 | D:2      | Killed Terence
  1023 | D:2      | Reached XP level 4. HP: 23/40 MP: 3/3
  1411 | D:2      | Found a faded altar of an unknown god.
  1897 | D:2      | Found a runed translucent door.
  1898 | D:2      | Noticed Crazy Yiuf
  2194 | D:2      | HP: 2/40 [Crazy Yiuf/+4 quarterstaff of chaos (2)]
  2198 | D:2      | Mangled by Crazy Yiuf

Illustrated notes

Levels and vault maps discovered:
D:1:      minmay_arrival_diagonal_passages, layout_rooms, chequers_garden,
          minmay_misc_feat_doors
D:2:      layout_basic, ebering_ecumenical_altar_hall, uniq_terence,
          uniq_crazy_yiuf_cottage

Skill      XL: |  1  2  3 |
---------------+----------+-----
Armour         | 4 |  4.4
Fighting       | 4 |  4.1
Shields        | 4 |  4.3
Long Blades    | 3 |  3.9

Action                   |  1- 3 |  4- 6 || total
-------------------------+-------+-------++-------
Melee: Long sword        |    55 |    38 ||    93
       Headbutt          |     7 |     8 ||    15
       Unarmed           |       |     1 ||     1
Armor: Scale mail        |    42 |     8 ||    50
Dodge: Dodged            |    38 |    15 ||    53
Block: Buckler           |    16 |    11 ||    27
